 Dungeon Crawl Stone Soup version 0.30-a0-1157-g2cc9ac7196 (webtiles) character file.

Game seed: 17349607100739648490

42 lunkers the Firebug (level 4, -2/33 HPs)
             Began as a Meteoran Fire Elementalist on Apr 24, 2023.
             Slain by a gnoll
             ... wielding a +0 spear
              (7 damage)
             ... on level 2 of the Dungeon.
             The game lasted 00:01:53 (643 turns).

lunkers the Firebug (Meteoran Fire Elementalist)     Turns: 643, Time: 00:01:54

Health: -2/33      AC:  2    Str:  9    XL:     4   Next: 5%
Magic:  0/10       EV: 12    Int: 19    God:
Gold:   23         SH:  9    Dex: 14    Spells: 7/10 levels left

rFire   + . .        (no weapon)
rCold   . . .        k - +6 buckler "Kynuf" {rPois rF+ rCorr}
rNeg    . . .        a - +0 robe
rPois   +            (no helmet)
rElec   .            (no cloak)
rCorr   +            (no gloves)
SInv    .            (no boots)
Will    .....        (no amulet)
Stlth   +            (no ring)
HPRegen 0.25/turn    (no ring)
MPRegen 0.12/turn

%: no passive effects
@: glowing
A: sense surroundings 1, otherworldly, glowing, explore regen
a: no special abilities


You were on level 2 of the Dungeon.
You visited 1 branch of the dungeon, and saw 2 of its levels.

You collected 23 gold pieces.

Inventory:

Armour
 a - a +0 robe (worn)
 k - the +6 buckler "Kynuf" (worn) {rPois rF+ rCorr}
   (You found it on level 2 of the Dungeon)

   rF:        It protects you from fire.
   rPois:     It protects you from poison.
   rCorr:     It protects you from acid and corrosion.
Scrolls
 c - a scroll of teleportation {unknown}
 d - 2 scrolls of identify {unknown}
 f - 3 scrolls of fear {unknown}
 h - a scroll of enchant weapon {unknown}
 i - a scroll of torment {unknown}
Potions
 b - a potion of magic
 e - a potion of heal wounds {unknown}
 g - a potion of degeneration {unknown}
 j - a potion of mutation {unknown}


   Skills:
 - Level 2.4 Dodging
 - Level 1.4 Stealth
 + Level 3.5 Spellcasting
 - Level 1.2 Conjurations
 * Level 4.9 Fire Magic


You had 7 spell levels left.
You knew the following spells:

 Your Spells              Type           Power      Damage    Failure   Level
a - Foxfire               Conj/Fire      60%        2x1d7     6%          1
b - Scorch                Fire           44%        2d6       4%          2

Your spell library contained the following spells:

 Spells                   Type           Power      Damage    Failure   Level
 Inner Flame              Hex/Fire       12%        N/A       24%         3
 Volatile Blastmotes      Fire/Tloc      24%        2d12      24%         3
 Flame Wave               Conj/Fire      15%        2d7       54%         4


Dungeon Overview and Level Annotations

Branches:
Dungeon (2/15) Zot: 555

Altars:


Innate Abilities, Weirdness & Mutations

You passively map a small area around you.
You are easily found by Zot.
You glow in the dark.
You regain HP and MP as you explore.


Message History

The foxfire hits the gnoll but does no damage.
The gnoll is almost dead.
The foxfire hits the gnoll.
You kill the gnoll!
You have reached level 4!
An adder comes into view.
The adder hisses angrily.
The adder moves out of view.
You closely miss the adder. You block the adder's attack.
You hit the adder but do no damage. You block the adder's attack.
You block the gnoll's attack. The adder bites you. The adder bites you.
You block the adder's attack.
Casting: Foxfire (safe; 6% risk of failure)
Press: ? - help, Q - select action, (/) - cycle Dir - look around, f - activate You conjure some foxfire!
* * * LOW MAGIC WARNING * * *
The adder barely misses you. You block the gnoll's attack.
Casting: Foxfire (safe; 6% risk of failure)
Press: ? - help, Q - select action, (/) - cycle Dir - look around, f - activate You conjure some foxfire!
* * * LOW MAGIC WARNING * * *
The foxfire hits the gnoll.
The gnoll is moderately wounded.
The foxfire hits the adder.
The adder is heavily wounded.
You block the adder's attack. You block the gnoll's attack.
The adder bites you. The gnoll attacks as you move away!
You block the gnoll's attack.
The foxfire hits the gnoll but does no damage.
The foxfire hits the gnoll.
The gnoll is severely wounded.
The adder bites you.
The gnoll hits you from afar with a +0 spear!
* * * LOW HITPOINT WARNING * * *
You aren't carrying any items that you can evoke.
The gnoll attacks as you move away! The gnoll hits you with a +0 flail!
* * * LOW HITPOINT WARNING * * *
The gnoll hits you from afar with a +0 spear!
You die...

#..####..# * #.# #.# # #......†g#
..# ####.###### # *#'######.# #.#
#.........# #...# #.#####.#
#...)).##.# #.....# #.......#
#.#...###.# .......# ####.##.#
#.##..#<#.# #
......$.####..g#.####.###.....###
......>.+.........)..........>..+
..[.....##....gS@.###.####....###
.......###.##§##..# #.#####.#.#
#.*####..# #.........# , # ,,...#
#########.# , ,###.# #.# * ** ,
#.# #.# # , * , , #.# #.... .#
##### ,, , *


You could see 2 gnolls and an adder.

Vanquished Creatures
  2 gnolls (D:2)
  An adder (D:2)
  2 dart slugs (D:1)
  A goblin (D:2)
  A quokka (D:2)
  4 ball pythons
  2 frilled lizards
  A rat (D:1)
14 creatures vanquished.

Vanquished Creatures (others)
  39 foxfires
39 creatures vanquished.

Grand Total: 53 creatures vanquished

Notes
Turn   | Place    | Note
-------+----------+-------------------------------------------
     0 | D:1      | lunkers the Meteoran Fire Elementalist began the quest for
                  | the Orb.
     0 | D:1      | Reached XP level 1. HP: 14/14 MP: 5/5
   364 | D:1      | Reached XP level 2. HP: 15/20 MP: 4/6
   366 | D:1      | Reached skill level 4 in Fire Magic
   432 | D:2      | Reached XP level 3. HP: 10/26 MP: 3/8
   435 | D:2      | Learned a level 2 spell: Scorch
   554 | D:2      | Identified the +6 buckler "Kynuf" {rPois rF+ rCorr}
   630 | D:2      | Reached XP level 4. HP: 32/33 MP: 1/10
   643 | D:2      | Slain by a gnoll

Illustrated notes

Levels and vault maps discovered:
D:1:      dpeg_arrival_rhombi, layout_basic,
          dreamdust_ecumenical_altar_hidden_monk_grotto
D:2:      layout_loops_corners

Skill      XL: |  1  2 |
---------------+-------+-----
Spellcasting   | 3 |  3.5
Fire Magic     | 4 |  4.9
Dodging        | |  2.4
Stealth        | |  1.4
Conjurations   | |  1.2

Action                     |  1- 3 |  4- 6 || total
---------------------------+-------+-------++-------
  Melee: Unarmed           |     5 |     2 ||     7
   Cast: Foxfire           |    19 |     2 ||    21
         Scorch            |     7 |       ||     7
 Armour: Robe              |     3 |       ||     3
  Dodge: Dodged            |    10 |     1 ||    11
  Block: Buckler           |     6 |     8 ||    14

Table legend: (Time is in decaauts)
 A = Elapsed time spent in this place.
 B = Non-inter-level travel time spent in this place.
 C = Inter-level travel time spent in this place.
 D = Time resting spent in this place.
 E = Time spent auto-exploring this place.
 F = Levels seen in this place.
 G = Mean time per level.
                   A        B        C        D        E       F      G
               +--------+--------+--------+--------+--------+-----+--------+
         Total |    643 |    585 |     58 |      0 |    422 |   2 |  321.5 |
       Dungeon |    643 |    585 |     58 |      0 |    422 |   2 |  321.5 |
               +--------+--------+--------+--------+--------+-----+--------+

Top non-repeatable levels by time:
     D:1: 424 daAuts
     D:2: 219 daAuts
